Map: Dusk Towers

Players

ColonelK

  • Race: Protoss Protoss
  • League: Master

Miszu - Winner!

  • Race: Terran Terran
  • League: Grandmaster

VOD

Have the link to the VOD?

Description

Time

  • Played on: May 28, 2016, 5:59 p.m.
  • Length: 13:31
Show
View Real Time Build Order
Export as new Build Order

ColonelK Protoss 

Build Orders: 1 Gate Expand, Blink Stalkers 

Get SALT Encoding   

  12  0:01  Probe (Chrono Boost)  
  13  0:11  Probe (Chrono Boost)  
  14  0:17  Pylon  
  14  0:22  Probe (Chrono Boost)  
  15  0:35  Probe (Chrono Boost)  
  16  0:36  Gateway  
  16  0:41  Assimilator  
  16  0:45  Probe (Chrono Boost)  
  17  0:56  Probe (Chrono Boost)  
  18  1:06  Probe (Chrono Boost)  
  19  1:18  Nexus  
  19  1:22  Probe (Chrono Boost)  
  20  1:31  Cybernetics Core  
  20  1:34  Probe (Chrono Boost)  
  21  1:45  Pylon, Probe (Chrono Boost)  
  22  1:49  Assimilator  
  22  1:55  Probe (Chrono Boost)  
  23  2:06  Probe (Chrono Boost)  
  23  2:08  Adept (Chrono Boost), Warp Gate  
  26  2:18  Probe  
  27  2:29  Probe (Chrono Boost)  
  27  2:30  Probe (Chrono Boost)  
  27  2:31  Stalker (Chrono Boost)  
  31  2:41  Probe (Chrono Boost)  
  31  2:42  Robotics Facility  
  32  2:46  Probe (Chrono Boost)  
  33  2:53  Twilight Council  
  33  2:55  Probe (Chrono Boost)  
  33  2:57  Probe (Chrono Boost)  
  35  3:06  Probe (Chrono Boost)  
  35  3:08  Pylon, Probe (Chrono Boost)  
  37  3:16  Probe (Chrono Boost)  
  37  3:18  Probe (Chrono Boost)  
  39  3:26  Probe (Chrono Boost)  
  39  3:27  Gateway  
  39  3:28  Probe (Chrono Boost)  
  39  3:30  Blink (Chrono Boost)  
  41  3:36  Gateway, Probe  
  41  3:40  Observer (Chrono Boost), Probe  
  44  3:46  Pylon, Probe  
  45  3:51  Assimilator  
  45  3:52  Probe  
  46  3:56  Observer  
  46  3:59  Probe  
  48  4:04  Probe  
  48  4:08  Pylon  
  49  4:11  Probe  
  49  4:16  Probe (Chrono Boost)  
  51  4:17  Nexus  
  51  4:18  Pylon  
  52  4:24  Probe (Chrono Boost)  
  52  4:28  Probe (Chrono Boost)  
  52  4:29  Forge  
  53  4:32  Gateway  
  53  4:36  Stalker  
  53  4:37  Probe (Chrono Boost)  
  56  4:41  Stalker  
  56  4:44  Mothership Core (Chrono Boost)  
  60  4:49  Protoss Ground Armor Level 1 (Chrono Boost), Probe (Chrono Boost)  
  60  4:50  Stalker  
  63  4:59  Probe (Chrono Boost)  
  64  5:00  Probe (Chrono Boost), Assimilator  
  64  5:04  Stalker x2  
  69  5:11  Probe  
  69  5:12  Probe  
  69  5:13  Stalker  
  73  5:23  Pylon, Probe  
  73  5:24  Probe  
  73  5:25  Pylon, Resonating Glaives (Chrono Boost)  
  73  5:27  Stalker  
  77  5:31  Stalker, Probe  
  80  5:36  Probe  
  81  5:50  Stalker  
  81  5:52  Immortal (Chrono Boost)  
  81  5:53  Probe  
  81  5:54  Probe x2  
  81  5:56  Assimilator  
  90  5:58  Pylon  
  90  6:03  Gateway  
  90  6:05  Probe  
  90  6:06  Gateway, Probe  
  90  6:07  Probe  
  90  6:10  Pylon  
  93  6:12  Photon Cannon  
  93  6:15  Adept x2, Sentry  
  93  6:16  Probe  
  100  6:21  Assimilator  
  100  6:28  Protoss Ground Armor Level 2  
  100  6:34  Adept  
  100  6:39  Adept x3  
  106  6:45  Probe  
  107  6:49  Gateway  
  107  6:50  Immortal (Chrono Boost)  
  107  6:54  Gateway  
  111  6:55  Adept, Gateway  
  111  6:56  Templar Archives, Probe  
  111  6:59  Pylon  
  114  7:05  Pylon  
  114  7:09  Adept x3  
  114  7:10  Adept  
  118  7:30  Stalker x2  
  118  7:31  Stalker x4  
  118  7:39  Probe  
  118  7:40  Probe  
  120  7:47  Forge  
  120  7:48  Nexus  
  120  7:54  Adept x5  
  130  7:59  Stalker x2  
  134  8:06  Stalker x2  
  138  8:14  Stalker  
  138  8:15  Stalker  
  138  8:19  Pylon  
  141  8:20  Pylon  
  141  8:22  Pylon  
  139  8:34  Stalker  
  139  8:37  Protoss Ground Armor Level 3 (Chrono Boost)  
  139  8:39  High Templar x4  
  139  8:40  Stalker x4  
  157  8:43  Protoss Ground Weapons Level 1 (Chrono Boost)  
  157  8:44  Archon x2  
  141  8:59  Adept  
  127  9:12  Adept x4  
  127  9:13  Adept x4  
  131  9:27  Adept  
  133  9:32  High Templar  
  133  9:33  High Templar, Nexus, Stalker  
  133  9:34  Stalker x2  
  133  9:35  Adept  
  133  9:36  Warp Prism  
  133  9:37  Archon  
  147  9:48  Psionic Storm  
  145  9:56  Stalker x4  
  153  10:06  Assimilator  
  153  10:10  Pylon  
  153  10:13  Observer  
  154  10:23  High Templar  
  154  10:24  High Templar  
  158  10:34  Immortal  
  162  10:36  High Templar  
  162  10:39  Adept x4  
  172  10:46  Stalker  
  172  10:48  Stalker  
  176  10:50  Probe  
  176  10:54  Protoss Ground Weapons Level 2  
  177  10:57  Assimilator  
  177  10:59  Protoss Shields Level 1  
  173  11:18  Probe  
  168  11:24  Gateway x2  
  168  11:26  Stalker x2  
  168  11:27  Stalker x4  
  168  11:28  Immortal  
  184  11:32  Adept x2  
  186  11:50  High Templar  
  188  11:55  Pylon  
  188  12:09  Stargate  
  188  12:12  Stargate  
  176  12:22  Adept x6  
  141  12:23  Adept x3  
  107  12:39  Adept x2  
  107  12:43  Adept x5  
  107  12:44  Adept  
  119  12:45  Adept  
  119  12:49  Adept x7  
Show
View Real Time Build Order
Export as new Build Order

Miszu Terran - Winner!

Build Orders: Reaper Expand, MMM Bio 

Get SALT Encoding   

  12  0:01  SCV  
  13  0:13  SCV  
  14  0:20  Supply Depot  
  14  0:25  SCV  
  15  0:42  SCV  
  16  0:43  Barracks  
  16  0:46  Refinery  
  16  0:54  SCV  
  17  1:06  SCV  
  18  1:18  SCV  
  19  1:30  Orbital Command  
  19  1:31  Reaper  
  20  1:40  Command Center  
  20  1:48  Supply Depot  
  20  1:57  SCV  
  21  2:04  Barracks Reactor  
  21  2:09  SCV  
  21  2:14  Engineering Bay  
  22  2:17  Barracks  
  22  2:22  SCV  
  23  2:34  SCV  
  24  2:44  Marine x2  
  24  2:45  Terran Infantry Weapons Level 1  
  24  2:47  SCV  
  27  2:56  Orbital Command  
  27  2:57  Refinery  
  27  3:00  SCV  
  27  3:02  Marine x2  
  27  3:04  Barracks Tech Lab  
  30  3:12  SCV  
  31  3:19  Marine  
  30  3:23  Stimpack  
  30  3:24  Marauder, SCV x2  
  35  3:33  Supply Depot  
  35  3:34  Marine  
  35  3:36  SCV x2  
  35  3:37  Marine  
  39  3:45  Factory  
  39  3:47  Marine  
  39  3:48  Barracks, SCV x2  
  42  3:56  Missile Turret  
  42  4:00  Marine x2, SCV  
  45  4:05  Missile Turret  
  45  4:07  Marauder  
  45  4:08  SCV  
  48  4:12  SCV  
  49  4:20  Marine x2  
  49  4:21  SCV  
  49  4:23  Refinery  
  52  4:24  Supply Depot  
  52  4:27  SCV  
  52  4:30  Factory Reactor  
  52  4:31  Starport  
  53  4:38  Marine  
  54  4:42  Terran Infantry Armor Level 1  
  54  4:46  Marine, Marauder  
  54  4:47  Supply Depot  
  54  4:48  Marine  
  54  4:50  SCV x2  
  60  4:58  Supply Depot  
  60  4:59  Marine  
  61  5:02  SCV  
  62  5:08  Marine  
  62  5:09  Marauder, SCV  
  66  5:14  Marine  
  66  5:15  SCV  
  66  5:17  Marine, Factory Reactor  
  66  5:19  Supply Depot  
  66  5:21  Medivac x2  
  73  5:25  Supply Depot  
  73  5:26  Marine  
  74  5:28  SCV  
  74  5:29  SCV  
  74  5:30  Marine  
  76  5:43  SCV x2  
  76  5:48  Marauder  
  76  5:49  Marine x2  
  82  5:50  Barracks Tech Lab  
  82  5:55  SCV  
  82  5:56  Combat Shields  
  83  5:58  Command Center  
  83  5:59  Medivac  
  83  6:03  Medivac  
  87  6:05  Barracks  
  87  6:06  Barracks, SCV  
  87  6:09  Refinery  
  88  6:11  Supply Depot  
  88  6:14  Supply Depot  
  88  6:16  SCV  
  88  6:18  SCV  
  90  6:19  Marine  
  90  6:20  Marine  
  90  6:23  Marauder  
  93  6:33  Marauder  
  93  6:35  Liberator x2  
  93  6:37  Marine  
  93  6:38  Concussive Shells  
  96  6:44  SCV  
  96  6:45  Marauder, SCV  
  100  6:53  Marine  
  107  6:54  Marine x3  
  107  7:01  Supply Depot, SCV  
  110  7:02  Supply Depot, SCV  
  112  7:09  Widow Mine x2  
  112  7:14  SCV x2  
  118  7:19  Liberator  
  118  7:21  Liberator  
  117  7:25  Orbital Command  
  119  7:38  Barracks Reactor, Barracks Tech Lab  
  119  7:40  Marine  
  119  7:43  SCV x2  
  125  7:48  Armory  
  125  7:51  SCV  
  126  7:52  Engineering Bay  
  126  7:53  Marine x2, Marauder  
  126  7:55  SCV x2  
  132  7:58  Supply Depot  
  132  8:10  Marine, Marauder, Widow Mine x2  
  139  8:18  Liberator  
  139  8:19  Marine x4, Marauder  
  145  8:28  Marine  
  145  8:31  Marine  
  136  8:36  Marine  
  136  8:37  Marine x2  
  136  8:38  Marauder, Terran Infantry Weapons Level 2  
  136  8:40  Terran Infantry Armor Level 2, Marine  
  143  8:44  Refinery  
  143  8:45  Supply Depot, Refinery  
  143  8:46  Marine  
  143  8:47  Supply Depot  
  144  8:54  Marauder  
  130  8:59  Marauder  
  130  9:00  Marine x3, Marauder  
  130  9:02  Liberator  
  122  9:03  Marine  
  122  9:05  Widow Mine x2  
  123  9:15  Marine  
  117  9:17  Marine  
  117  9:18  Marine x2  
  117  9:20  Marauder  
  117  9:21  Marine x2  
  125  9:34  Marauder, Widow Mine  
  125  9:35  Marine, Widow Mine, Liberator  
  125  9:36  Marine x2  
  134  9:39  Marine, Marauder  
  134  9:41  Marauder  
  134  9:44  Liberator  
  142  9:53  Marine  
  142  9:54  Marine x2  
  142  9:55  Ghost Academy, Marauder  
  147  10:01  Marauder  
  147  10:03  Barracks  
  147  10:06  Barracks x2  
  152  10:09  Marine x2  
  152  10:11  Marine x3  
  157  10:16  Marine  
  158  10:22  Marine  
  161  10:31  Marine x2  
  161  10:32  Marine x2  
  167  10:40  Ghost x3  
  169  10:48  Command Center  
  169  10:49  Marine  
  170  10:53  Barracks Tech Lab x2  
  170  10:57  Barracks Tech Lab  
  170  11:02  SCV x2  
  170  11:03  SCV  
  169  11:09  Ghost  
  169  11:11  Ghost x4  
  163  11:14  SCV  
  169  11:37  Ghost  
  171  11:42  Ghost x2  
  173  11:49  Marauder x2  
  170  12:20  Marine x8, Marauder  
  170  12:22  Marine  
  156  12:30  Medivac  
  156  12:31  Hellion x2, Medivac  
  164  12:37  Marine  
  164  12:38  Marine x6  
  167  12:51  Marine x3, Widow Mine  
  145  12:55  Marine  
  148  12:56  Marine x5  
Tags
 
Add a new tag
Caveats
  • Supply blocks, unpowered buildings, or Contaminate may cause inaccurate times.
  • Supply counts are checked every 10 seconds.